 Dungeon Crawl Stone Soup version 0.31-a0-986-g5e6e4ef867 (webtiles) character file.

Game seed: 13957254719812821470

2 LeprechaunX the Ruffian (level 1, 0/13 HPs)
             Began as an Octopode Shapeshifter on Nov 20, 2023.
             Slain by a goblin
             ... wielding a +0 club
              (2 damage)
             ... on level 1 of the Dungeon.
             The game lasted 00:00:04 (48 turns).

LeprechaunX the Ruffian (Octopode Shapeshifter)       Turns: 48, Time: 00:00:05

Health: 0/13       AC:  1    Str: 13    XL:     1   Next: 40%
Magic:  1/1        EV: 13    Int: 12    God:
Gold:   0          SH:  0    Dex: 11    Spells: 0/0 levels left

rFire   . .          .
                       - Unarmed
rCold   . . .        (no shield)
rNeg    . . .        (helmet currently unavailable)
rPois   .            (no amulet)
rElec   .            (no ring)
rCorr   .            (no ring)
SInv    .            (no ring)
Will    .....        (no ring)
Stlth   ++           (no ring)
HPRegen 0.22/turn    (no ring)
MPRegen 0.07/turn    (no ring)
                     (no ring)

%: no passive effects
@: beast-form
A: beast (slay +1), almost no armour, amphibious, 8 rings, camouflage 1,
gelatinous body 1, (nimble swimmer 1), tentacles
a: Begin Untransformation


You were on level 1 of the Dungeon.
You were a hulking beast.
You visited 1 branch of the dungeon, and saw 1 of its levels.

Inventory:

Talismans
 b - a beast talisman
 c - a flux talisman
Potions
 a - a potion of lignification


   Skills:
 + Level 1.1 Fighting
 - Level 2.0 Dodging
 + Level 3.0 Unarmed Combat
 * Level 3.0 Shapeshifting


You couldn't memorise any spells.
You didn't know any spells.
Your spell library was empty.

Dungeon Overview and Level Annotations

Branches:
Dungeon (1/15)

Altars:


Innate Abilities, Weirdness & Mutations

You are a hulking beast.
Your limbs bulge with bestial killing power. (Slay +1)
You cannot wear most types of armour.
You are amphibious.
You can wear up to eight rings at the same time.
Your skin changes colour to match your surroundings (Stealth+).
Your rubbery body absorbs attacks. (AC +1, EV +1)
((You are camouflaged when in or above water. (Stealth+)))
You have tentacles for arms and can constrict up to eight enemies at once.


Message History

A goblin comes into view. It is wielding a +0 club.
The goblin hits you but does no damage. The bat closely misses you.
The goblin shouts!
The hobgoblin shouts!
You tentacle-slap the goblin but do no damage.
You grab the goblin. You constrict the goblin. The bat barely misses you.
The goblin hits you but does no damage.
You tentacle-slap the goblin.
You kill the goblin!
The bat completely misses you.
A rat comes into view.
The bat closely misses you.
You see here a +0 club.
You tentacle-slap the hobgoblin. Your grab misses the hobgoblin.
The hobgoblin is heavily wounded.
The bat barely misses you. The hobgoblin completely misses you.
The goblin hits you with a +0 club.
You closely miss the hobgoblin. Your grab misses the hobgoblin.
Your squeeze misses the hobgoblin.
The hobgoblin is heavily wounded.
The bat misses you. The hobgoblin hits you. The goblin hits you with a +0 club.
There are monsters nearby!
There are monsters nearby!
There are monsters nearby!
You are too injured to fight recklessly!
You are too injured to fight recklessly!
The bat hits you but does no damage.
The hobgoblin attacks as it pursues you!
The hobgoblin closely misses you. The goblin attacks as it pursues you!
The goblin closely misses you.
The hobgoblin attacks as it pursues you!
The hobgoblin hits you.
* * * LOW HITPOINT WARNING * * *
The goblin attacks as it pursues you! The goblin barely misses you.
The bat hits you.
* * * LOW HITPOINT WARNING * * *
The hobgoblin attacks as it pursues you!
The hobgoblin misses you. The bat hits you but does no damage.
The goblin attacks as it pursues you! The goblin hits you with a +0 club.
You die...

###....# #~
#######...#### #.
#.......### #.
#....#### #. #....# ~
##....# ###.....#
#########.......#
..........##h...#####
..........gbg.......#
.....................
#...(r...#.........
#.............####.
#....)...........#
...................#
..#..................
#................#.


You could see a hobgoblin, a goblin, a bat and a rat.

Vanquished Creatures
  A ball python (D:1)
  A goblin (D:1)
2 creatures vanquished.

Notes
Turn   | Place    | Note
-------+----------+-------------------------------------------
     0 | D:1      | LeprechaunX the Octopode Shapeshifter began the quest for
                  | the Orb.
     0 | D:1      | Reached XP level 1. HP: 13/13 MP: 1/1
    48 | D:1      | Slain by a goblin

Illustrated notes

Levels and vault maps discovered:
D:1:      minmay_arrival_floating_metal, layout_rooms, serial_bayou_pond_e,
          palyth_stone_intersect

Action                     || total
---------------------------++-------
  Melee: Unarmed           ||     5
         Constrict         ||     1
 Armour: Skin              ||    10
  Dodge: Dodged            ||    11

Table legend: (Time is in decaauts)
 A = Elapsed time spent in this place.
 B = Non-inter-level travel time spent in this place.
 C = Inter-level travel time spent in this place.
 D = Time resting spent in this place.
 E = Time spent auto-exploring this place.
 F = Levels seen in this place.
 G = Mean time per level.
                   A        B        C        D        E       F      G
               +--------+--------+--------+--------+--------+-----+--------+
         Total |     47 |     47 |      0 |      0 |     27 |   1 |   47.0 |
       Dungeon |     47 |     47 |      0 |      0 |     27 |   1 |   47.0 |
               +--------+--------+--------+--------+--------+-----+--------+

Top non-repeatable levels by time:
     D:1: 47 daAuts
